 Dungeon Crawl Stone Soup version 0.26.1-2-gb8aa6d0cf2 (webtiles) character file.

Game seed: 1427158293547145728

75773 iforgotmypw the Destroyer (level 15, -5/113 HPs)
             Began as a Human Conjurer on Jan 24, 2021.
             Was the Champion of Okawaru.
             Slain by a salamander
             ... wielding a cursed +0 halberd
              (18 damage)
             ... on level 3 of the Snake Pit on Feb 23, 2021.
             The game lasted 05:35:59 (34339 turns).

iforgotmypw the Destroyer (Human Conjurer)         Turns: 34339, Time: 05:35:59

Health: -5/113     AC: 25    Str: 12    XL:     15   Next: 99%
Magic:  18/27      EV: 14    Int: 24    God:    Okawaru [******]
Gold:   1122       SH:  6    Dex: 15    Spells: 0/30 levels left

rFire    . . .     SeeInvis +   D - +6 hand crossbow of the Inferno {flame, rPois Dex+3 SInv Stlth+}
rCold    . . .     Faith    +   f - +0 buckler of the Tundras {+Blink Str+4}
rNeg     . . .     Spirit   .   S - +6 scale mail of Inaction {rElec}
rPois    +         Reflect  .   c - +2 helmet
rElec    +         Harm     +   J - scarf {harm}
rCorr    .         Rampage  +   U - +2 pair of gloves
Will     +....                  y - +0 pair of boots {rampage}
Stlth    ++........             Z - amulet of faith
HPRegen  0.28/turn              X - ring "Foneholaenn" {Wiz rPois}
MPRegen  0.20/turn              q - +4 ring of protection

@: brilliant
A: subdued magic 1
a: Renounce Religion, Evoke Blink, Heroism, Finesse


You were on level 3 of the Snake Pit.
You worshipped Okawaru.
Okawaru was exalted by your worship.
You visited 5 branches of the dungeon, and saw 22 of its levels.
You also visited: Ice Cave.

You collected 1722 gold pieces.
You spent 600 gold pieces at shops.

Inventory:

Hand Weapons
 C - a +3 broad axe of flaming
 D - the +6 hand crossbow of the Inferno (weapon) {flame, rPois Dex+3 SInv Stlth+}
   (You found it on level 6 of the Lair of Beasts)

   It causes projectiles fired from it to burn those they strike, causing extra
   injury to most foes and up to half again as much damage against particularly
   susceptible opponents.
   It affects your dexterity (+3).
   It protects you from poison.
   It lets you see invisible.
   It makes you more stealthy.
Missiles
 n - 73 bolts (quivered ammo)
Armour
 c - a +2 helmet (worn)
 f - the +0 buckler of the Tundras (worn) {+Blink Str+4}
   (You found it on level 2 of the Lair of Beasts)

   It affects your strength (+4).
   It lets you blink.
 y - a +0 pair of boots of rampaging (worn)
 I - a scarf of resistance
 J - a scarf of harm (worn)
 K - a +0 cloak of willpower
 M - the +4 robe "Adofoc" {rElec Slay+3}
   (You found it on level 5 of the Lair of Beasts)

   It affects your accuracy and damage with ranged weapons and melee attacks
   (+3).
   It insulates you from electricity.
 N - the +13 plate armour of Wocau {Str+3}
   (You found it on level 8 of the Dungeon)

   It affects your strength (+3).
 O - the +0 cloak "Vetwoxym" {*Contam Int+4}
   (You found it on level 8 of the Dungeon)

   It affects your intelligence (+4).
   It causes magical contamination when unequipped.
 S - the +6 scale mail of Inaction (worn) {rElec}
   (You found it on level 5 of the Lair of Beasts)

   It insulates you from electricity.
 U - a +2 pair of gloves (worn)
 W - +0 acid dragon scales
Magical Staves
 V - an uncursed staff of air
Jewellery
 b - an uncursed amulet of magic regeneration
 q - a +4 ring of protection (right hand)
 w - an uncursed ring of positive energy
 Q - an uncursed ring of positive energy
 X - the ring "Foneholaenn" (left hand) {Wiz rPois}
   (You acquired it on level 1 of the Snake Pit)

   [ring of wizardry]

   It improves your spell success rate.
   It protects you from poison.
 Z - an amulet of faith (around neck)
Wands
 r - a wand of acid (9)
 u - a wand of digging (20)
 A - a wand of iceblast (7)
 F - a wand of paralysis (8)
 G - a wand of enslavement (14)
Scrolls
 a - 5 scrolls of amnesia
 e - 13 scrolls of remove curse
 j - 6 scrolls of magic mapping
 l - 7 scrolls of immolation
 o - 5 scrolls of teleportation
 s - a scroll of fog
 t - 5 scrolls of enchant weapon
 v - 2 scrolls of fear
 B - a scroll of silence
 E - a scroll of enchant armour
 Y - a scroll of blinking
Potions
 g - a potion of ambrosia
 h - 6 potions of resistance
 i - 2 potions of cancellation
 k - 4 potions of haste
 p - 9 potions of brilliance
 z - 3 potions of curing
 H - 3 potions of flight
 P - 3 potions of lignification
 R - 4 potions of might
Miscellaneous
 d - a box of beasts
 m - a phantom mirror
 L - a box of beasts
 T - a condenser vane


   Skills:
 + Level 9.3 Fighting
 - Level 4.1 Short Blades
 - Level 5.9(7.5) Axes
 - Level 7.2(8.2) Maces & Flails
 - Level 9.5 Crossbows
 - Level 7.3 Armour
 - Level 9.4 Dodging
 - Level 2.2 Stealth
 - Level 7.2 Shields
 - Level 8.2 Spellcasting
 - Level 9.5 Conjurations
 - Level 6.0 Hexes
 - Level 7.5 Fire Magic
 - Level 6.0 Invocations
 - Level 6.4 Evocations


You couldn't memorise any spells.
You knew the following spells:

 Your Spells              Type           Power        Failure   Level
a - Magic Dart            Conj           100%         1%          1
b - Searing Ray           Conj           100%         1%          2
c - Dazzling Flash        Conj/Hex       100%         1%          3
d - Fulminant Prism       Conj/Hex       26%          3%          4
e - Conjure Flame         Conj/Fire      55%          1%          3
f - Tukima's Dance        Hex            45%          2%          3
g - Cause Fear            Hex            22%          8%          4
h - Fireball              Conj/Fire      27%          8%          5
i - Lightning Bolt        Conj/Air       18%          34%         5

Your spell library contained the following spells:

 Spells                   Type           Power        Failure   Level
 Foxfire                  Conj/Fire      100%         1%          1
 Inner Flame              Hex/Fire       49%          1%          3
 Sticky Flame             Conj/Fire      55%          2%          4
 Static Discharge         Conj/Air       37%          4%          3
 Apportation              Tloc           22%          9%          1
 Iskenderun's Mystic Bla  Conj/Tloc      37%          13%         4
 Lesser Beckoning         Tloc           5%           28%         3
 Silence                  Hex/Air        14%          58%         5
 Yara's Violent Unravell  Hex/Tmut       14%          58%         5
 Invisibility             Hex            45%          73%         6
 Alistair's Intoxication  Tmut/Pois      7%           93%         5
 Discord                  Hex            22%          100%        8
 Ignition                 Fire           26%          100%        8
 Shatter                  Erth           5%           100%        9
 Tornado                  Air            5%           100%        9


Dungeon Overview and Level Annotations

Branches:
Dungeon (11/15)            Temple (1/1) D:4            Lair (6/6) D:11
 Shoals (1/4) Lair:2        Snake (3/4) Lair:4        Slime (0/5) Lair:5
  IceCv (visited)
    Orc: D:9-12

Altars:
Ashenzari
Cheibriados
Dithmenos
Elyvilon
Fedhas
Gozag
Hepliaklqana
Kikubaaqudgha
Makhleb
Nemelex Xobeh
Okawaru
Qazlal
Ru
Sif Muna
Trog
Uskayaw
Vehumet
Wu Jian
Xom
Yredelemnul
Zin
The Shining One
Jiyva

Shops:
D:7 :   D:8 [   Snake:1 [   Snake:2 =[*!

Annotations:
D:1 exclusion: downstairs


Innate Abilities, Weirdness & Mutations

Your spells are a little easier to cast, but a little less powerful.


Message History

The salamander hits you but does no damage.
The searing ray hits the salamander!
The salamander is heavily wounded.
The salamander hits you but does no damage.
Unknown command.
Casting: Searing Ray (safe; 1% risk of failure)
Confirm with . or Enter, or press ? or * to list all spells.
Aiming: Searing Ray (safe; 1% risk of failure)
Press: ? - help, Shift-Dir - straight line, f - naga sharpshooter, p - salamander
Aim: a naga sharpshooter, wielding a +0 arbalest and quivering 22 bolts (17% to evade)
You feel a surge of power!
The searing ray hits the salamander!
The salamander is almost dead.
The searing ray hits the naga sharpshooter!
The naga sharpshooter is lightly wounded. (Press . to maintain the ray.)
The salamander is no longer blind.
The salamander hits you with a cursed +0 halberd!
* * * LOW HITPOINT WARNING * * *
You are engulfed in flames!
You die...

....### #.# ###........
....# ##.# .#.#.....#
...## #.## .........
..## #§#######.§#.....#
.## ##§§§N§§§§.§......
..##
#.§#######§...#.#..
...## #### #.N..>....
....# ###...#####
..###+## #@#...# .##
....# ##N...# ##..
)..## ######
#..#####..#
#.##(..##.##
...........# ### #
..#.....#..## ##..###..
.##.♣.♣.##..# ##......#
.#.......#..###.......#


You could see a salamander.

Vanquished Creatures
  Donald (Snake:1)
  A frost giant (IceCv)
  A fire dragon (Lair:6)
  2 boulder beetles (Lair:6)
  7 naga warriors
  2 hydras
  5 anacondas
  7 death yaks
  A queen ant (Lair:2)
  2 naga sharpshooters (Snake:3)
  A two-headed ogre (D:8)
  3 shock serpents
  An unseen horror (D:8)
  A swamp dragon (Lair:6)
  A naga ritualist (Snake:2)
  A harpy (Lair:2)
  A lindwurm (Lair:6)
  A deep elf mage (D:11)
  6 oklob plants
  6 salamanders
  8 mana vipers
  5 elephants
  Joseph (D:8)
  2 guardian serpents (Snake:1)
  13 black mambas
  8 naga magi
  Maggie (D:6)
  2 ice statues (IceCv)
  9 cane toads
  2 torpor snails
  A kobold demonologist (D:11)
  A rime drake (Lair:6)
  10 komodo dragons
  12 polar bears
  Grinder (D:6)
  13 blink frogs
  A spriggan (Lair:1)
  A vampire (D:11)
  38 yaks
  3 wyverns
  5 basilisks
  Eustachio (D:4)
  3 steam dragons (Lair:6)
  Menkaure (D:6)
  2 acid dragons (Lair:6)
  14 soldier ants
  17 nagas
  13 water moccasins
  A swamp drake (Lair:6)
  2 orc warriors
  3 black bears
  An eye of draining (D:11)
  5 sky beasts
  An ice beast (D:2)
  2 hornet zombies
  2 necrophages (D:8)
  3 phantoms
  5 ogres
  4 centaurs
  30 wolves
  Blork the orc (D:6)
  3 big kobolds
  11 bullfrogs
  A wyvern skeleton (D:6)
  6 scorpions
  4 howler monkeys
  8 jellies
  2 centaur zombies
  Crazy Yiuf (D:5)
  A bullfrog zombie (D:9)
  2 orc priests
  7 hounds
  An iron imp (D:9)
  9 orc wizards
  A centaur skeleton (D:4)
  5 iguanas
  30 worker ants
  Terence (D:3)
  2 bullfrog skeletons
  A statue (D:4)
  A hound zombie (D:6)
  2 hound skeletons
  A gnoll (D:8)
  15 adders
  3 shadow imps
  13 white imps
  An ufetubus (D:8)
  3 oozes
  An adder zombie (D:5)
  2 worms (D:3)
  5 dart slugs
  4 leopard geckos
  29 orcs
  A ball python (D:2)
  9 bats
  6 giant cockroaches
  8 goblins
  8 hobgoblins
  2 jackals (D:8)
  15 kobolds
  5 quokkas
  6 frilled lizards
  A jackal skeleton (D:5)
  A quokka skeleton (D:9)
  5 rats
  A bush (Lair:5)
543 creatures vanquished.

Vanquished Creatures (others)
  A black mamba (Snake:1)
  98 fulminant prisms
  40 fungi
  74 plants
213 creatures vanquished.

Grand Total: 756 creatures vanquished

Notes
Turn   | Place    | Note
-------+----------+-------------------------------------------
     0 | D:1      | iforgotmypw the Human Conjurer began the quest for the Orb.
     0 | D:1      | Reached XP level 1. HP: 13/13 MP: 3/3
    95 | D:1      | Reached skill level 1 in Fighting
   174 | D:1      | Reached XP level 2. HP: 21/21 MP: 0/5
   727 | D:1      | Reached XP level 3. HP: 28/28 MP: 2/6
   863 | D:2      | Noticed an ice beast
   902 | D:2      | Upgraded the game from 0.26.0-18-gc5c842f807 to
                  | 0.26.0-20-g3ca415f5b8
  1163 | D:2      | Found a blossoming altar of Fedhas.
  1364 | D:2      | Found a basalt altar of Yredelemnul.
  1369 | D:2      | Reached XP level 4. HP: 35/35 MP: 0/7
  1846 | D:2      | You fall into a shaft and drop 2 floors!
  1847 | D:4      | Noticed Eustachio
  1904 | D:4      | Reached skill level 1 in Short Blades
  1904 | D:4      | Reached XP level 5. HP: 36/41 MP: 4/8
  1907 | D:4      | Learned a level 2 spell: Searing Ray
  2034 | D:4      | Found a staircase to the Ecumenical Temple.
  2042 | Temple   | Entered the Ecumenical Temple
  2118 | Temple   | Became a worshipper of Warmaster Okawaru
  2399 | D:4      | Killed Eustachio
  2400 | D:4      | Reached skill level 5 in Dodging
  2400 | D:4      | Reached XP level 6. HP: 37/47 MP: 0/9
  2525 | D:4      | Found a radiant altar of Vehumet.
  2973 | D:4      | Reached * piety under Okawaru
  2974 | D:4      | Reached XP level 7. HP: 46/52 MP: 2/10
  4010 | D:3      | Noticed Terence
  4018 | D:3      | Killed Terence
  4719 | D:5      | Entered Level 5 of the Dungeon
  4767 | D:5      | Reached skill level 5 in Conjurations
  4838 | D:5      | Found a broken altar of Ashenzari.
  5520 | D:5      | Found a shimmering blue altar of Sif Muna.
  5615 | D:5      | Found a runed translucent door.
  5616 | D:5      | Noticed Crazy Yiuf
  5623 | D:5      | Killed Crazy Yiuf
  5624 | D:5      | Reached XP level 8. HP: 58/58 MP: 8/11
  6094 | D:6      | Reached skill level 5 in Fighting
  6115 | D:6      | Reached skill level 1 in Armour
  6198 | D:6      | Noticed Blork the orc
  6203 | D:6      | Killed Blork the orc
  6217 | D:6      | Noticed Menkaure
  6223 | D:6      | Noticed Grinder
  6225 | D:6      | Killed Menkaure
  6288 | D:6      | Learned a level 3 spell: Dazzling Flash
  6288 | D:6      | Killed Grinder
  6288 | D:6      | Reached ** piety under Okawaru
  6289 | D:6      | Reached XP level 9. HP: 68/68 MP: 12/12
  6301 | D:6      | Learned a level 4 spell: Fulminant Prism
  6483 | D:6      | Reached skill level 1 in Invocations
  7096 | D:6      | Noticed Maggie
  7113 | D:6      | Killed Maggie
  7113 | D:6      | Reached *** piety under Okawaru
  7614 | D:7      | Found Apsietuf's Book Emporium.
  7888 | D:7      | Found a sacrificial altar of Ru.
  8012 | D:7      | Found a bloodstained altar of Trog.
  8125 | D:8      | Found Hium's Armour Shop.
  8273 | D:8      | Reached XP level 10. HP: 74/74 MP: 11/16
  8298 | D:8      | Found an opulent altar of Gozag.
  8313 | D:8      | Reached skill level 5 in Spellcasting
  8402 | D:8      | Found a white marble altar of Elyvilon.
  8441 | D:8      | Noticed Joseph
  8470 | D:8      | Killed Joseph
  8470 | D:8      | Reached **** piety under Okawaru
  8752 | D:8      | Got a polished cloak
  8763 | D:8      | Identified the cursed +0 cloak "Vetwoxym" {*Contam Int+4}
                  | (You found it on level 8 of the Dungeon)
  8805 | D:8      | Noticed a two-headed ogre
  8817 | D:8      | Killed a two-headed ogre
  8818 | D:8      | Reached skill level 5 in Hexes
  8836 | D:8      | Reached ***** piety under Okawaru
  9178 | D:8      | Killed an unseen horror
  9179 | D:8      | Reached skill level 5 in Invocations
  9684 | D:8      | Upgraded the game from 0.26.0-20-g3ca415f5b8 to
                  | 0.26.0-41-g79a4fc7684
  9806 | D:8      | Got a bloodstained plate armour
  9995 | D:9      | Reached XP level 11. HP: 80/80 MP: 15/20
 10062 | D:9      | Found a snail-covered altar of Cheibriados.
 10125 | D:9      | Found a glowing golden altar of the Shining One.
 10350 | D:9      | Upgraded the game from 0.26.0-41-g79a4fc7684 to
                  | 0.26.0-45-g9c1d065592
 10796 | D:10     | Entered Level 10 of the Dungeon
 12113 | D:11     | Found a staircase to the Lair.
 12575 | D:11     | Noticed a deep elf mage
 12585 | D:11     | Killed a deep elf mage
 12585 | D:11     | Received a gift from Okawaru
 12585 | D:11     | Reached ****** piety under Okawaru
 12761 | D:11     | Got a transparent scale mail
 13130 | Lair:1   | Entered Level 1 of the Lair of Beasts
 13437 | Lair:1   | Noticed a five-headed hydra
 13548 | Lair:1   | Upgraded the game from 0.26.0-45-g9c1d065592 to
                  | 0.26.0-57-g60708a5e39
 13548 | Lair:1   | Upgraded the game from 0.26.0-57-g60708a5e39 to 0.26.1
 13709 | Lair:1   | Upgraded the game from 0.26.1 to 0.26.1-2-gb8aa6d0cf2
 13866 | Lair:1   | Reached skill level 5 in Armour
 13880 | Lair:1   | Received a gift from Okawaru
 14161 | Lair:1   | Reached XP level 12. HP: 92/92 MP: 10/21
 14394 | Lair:1   | Killed a five-headed hydra
 14399 | Lair:1   | Got a faintly humming hat {god gift}
 14410 | Lair:1   | Identified the +1 hat "Orab" {-Cast Harm Int+7 SInv}
                  | (Okawaru gifted it to you on level 1 of the Lair of Beasts)
 14560 | Lair:2   | Found a staircase to the Shoals.
 14575 | Lair:2   | Learned a level 3 spell: Conjure Flame
 14736 | Lair:2   | Reached skill level 1 in Fire Magic
 15554 | Lair:2   | Got a heavily runed buckler
 15560 | Lair:2   | Identified the cursed +0 buckler of the Tundras {+Blink
                  | Str+4} (You found it on level 2 of the Lair of Beasts)
 15655 | Lair:3   | Noticed a death yak
 15717 | Lair:3   | Reached skill level 1 in Evocations
 15951 | Lair:3   | Noticed a queen ant
 16065 | Lair:3   | Noticed a death yak
 16065 | Lair:3   | Noticed a death yak
 16702 | Lair:3   | Reached skill level 5 in Evocations
 16776 | Lair:3   | Noticed a death yak
 16776 | Lair:3   | Noticed a death yak
 16776 | Lair:3   | Noticed a death yak
 16914 | Lair:3   | Noticed a death yak
 16957 | Lair:2   | Killed a queen ant
 17301 | Lair:2   | Reached skill level 1 in Shields
 17702 | Lair:3   | Learned a level 3 spell: Tukima's Dance
 17707 | Lair:3   | Learned a level 4 spell: Cause Fear
 17896 | Lair:3   | Killed a death yak
 18386 | Lair:2   | Killed a death yak
 18386 | Lair:2   | Received a gift from Okawaru
 18387 | Lair:2   | Reached skill level 5 in Shields
 18387 | Lair:2   | Reached XP level 13. HP: 92/100 MP: 5/22
 18921 | Lair:3   | Reached skill level 5 in Fire Magic
 19057 | Lair:3   | Learned a level 5 spell: Fireball
 19527 | Lair:4   | Found a staircase to the Snake Pit.
 19555 | Lair:3   | Identified the +13 plate armour of Wocau {Str+3} (You found
                  | it on level 8 of the Dungeon)
 19565 | Lair:3   | Identified the +5 scale mail of the Griffon {rElec rC+
                  | Regen+} (You found it on level 11 of the Dungeon)
 20377 | Lair:4   | Reached skill level 1 in Maces & Flails
 20720 | Lair:4   | Reached skill level 5 in Maces & Flails
 21320 | Lair:5   | Got a transparent robe
 21339 | Lair:4   | Identified the +4 robe "Adofoc" {rElec Slay+3} (You found
                  | it on level 5 of the Lair of Beasts)
 21457 | Lair:4   | Gained mutation: Your spells are a little easier to cast,
                  | but a little less powerful. [mutagenic glow]
 21704 | Lair:5   | Found a frozen archway.
 21712 | IceCv    | Entered an ice cave
 21835 | IceCv    | Reached XP level 14. HP: 101/106 MP: 4/23
 22686 | IceCv    | Noticed a frost giant
 22708 | IceCv    | Killed a frost giant
 22708 | IceCv    | Received a gift from Okawaru
 22919 | IceCv    | Got an ivory glaive
 22953 | IceCv    | Identified the cursed +1 glaive of a wizard's laboratory
                  | {speed, rF+ Str+3} (You found it in an ice cave)
 23839 | Snake:1  | Entered Level 1 of the Snake Pit
 23895 | Lair:6   | Entered Level 6 of the Lair of Beasts
 23989 | Lair:6   | Reached skill level 1 in Axes
 24112 | Lair:6   | Got a faintly glowing hand crossbow
 24113 | Lair:6   | Identified the +6 hand crossbow of the Inferno {flame,
                  | rPois Dex+3 SInv Stlth+} (You found it on level 6 of the
                  | Lair of Beasts)
 24782 | Lair:5   | Reached skill level 1 in Crossbows
 25648 | Lair:6   | Reached skill level 5 in Axes
 27365 | Lair:5   | Found a staircase to the Slime Pits.
 27413 | Lair:5   | Got a brightly glowing scale mail
 27419 | Lair:5   | Identified the +6 scale mail of Inaction {rElec} (You found
                  | it on level 5 of the Lair of Beasts)
 27907 | Lair:5   | Received a gift from Okawaru
 28057 | Shoals:1 | Entered Level 1 of the Shoals
 29012 | Snake:1  | Noticed Donald
 29093 | Snake:1  | Reached XP level 15. HP: 105/112 MP: 24/24
 29116 | Snake:1  | Killed Donald
 29119 | Snake:1  | Identified a scroll of acquirement
 29120 | Snake:1  | Acquired the ring "Foneholaenn" {Wiz rPois}
 29680 | Snake:1  | Reached skill level 5 in Crossbows
 30555 | Snake:1  | Found Tufo's Antique Armour Emporium.
 31669 | Snake:2  | Found Geijoth's General Store.
 31669 | Snake:2  | Found Gipangon's Antique Armour Shop.
 31670 | Snake:2  | Found Kuisuewn's Jewellery Shop.
 31672 | Snake:2  | Found Ytud's Distillery.
 32017 | Snake:2  | Bought an uncursed amulet of faith for 600 gold pieces
 32096 | Snake:3  | Received a gift from Okawaru
 32369 | Snake:3  | Learned a level 5 spell: Lightning Bolt
 32976 | Snake:3  | HP: 5/112 [black mamba (16)]
 33944 | Snake:3  | Received a gift from Okawaru
 34339 | Snake:3  | Slain by a salamander

Illustrated notes

Levels and vault maps discovered:
D:1:      shiori_shiawase, layout_basic, serial_forest,
          infiniplex_forest_clump_C, infiniplex_forest_lined_4_way,
          infiniplex_forest_lined_2, infiniplex_forest_lined_room_2,
          infiniplex_forest_lined_2, infiniplex_forest_3_way,
          infiniplex_forest_end_1, serial_bayou_lagoon_a, lemuel_another_geyser
D:2:      layout_rooms, old_standard_altar, lemuel_round_altar
D:3:      layout_basic, kennysheep_generic_room_9, uniq_terence
D:4:      layout_basic, vehumet_statue, minmay_temple_entry_overgrown,
          uniq_eustachio
D:5:      layout_cave_pods, led_sif_book, evilmike_ruin_ashenzari,
          uniq_crazy_yiuf_cottage
D:6:      layout_loops_corners, uniq_blork_the_orc, uniq_grinder, uniq_menkaure,
          uniq_maggie
D:7:      layout_rooms, bloody_trog, marbit_many_paths, serial_shops,
          nicolae_shop_trees
D:8:      minmay_razor_zed, layout_basic, kennysheep_mini,
          nicolae_gozag_cash_rules_everything_around_me, serial_shops,
          kennysheep_little_box, columned_hall_lemuel, minmay_manual_monolith,
          uniq_joseph
D:9:      layout_roguey, kennysheep_mini_moat, slow_altar_2
D:10:     layout_grid_maze
D:11:     layout_grid_maze, dpeg_oklobed_lair, minmay_radiant
Temple:   pf_slimified_temple
Lair:1:   layout_regular_city, serial_bayou_pond_c,
          grunt_forest_large_clearing_hut, grunt_megastairs_5,
          infiniplex_staircase_pool_2
Lair:2:   layout_cave_pods, shoals_dummy_entry, lemuel_fruit_tree
Lair:3:   layout_cave_pods, zaba_anthell
Lair:4:   layout_concentric_octagons, dummy_snake_entry,
          minmay_lair_oklob_chamber, serial_bayou_shore_b
Lair:5:   layout_hall_layers, nicolae_slime_entry_slimehenge,
          portal_ice_cave_entry_imps, nicolae_quartered_pool_little,
          dpeg_oklob_1, serial_bayou_shore_b
Lair:6:   guppyfry_lair_end_dragon, layout_misc_corridors
Shoals:1: layout_shoals, nicolae_shoals_kraken_intersection
Snake:1:  layout_onion_interference, serial_shops, nicolae_shop_behind_doors,
          grunt_ministairs_15, uniq_donald
Snake:2:  cheibrodos_snake_ritualist_ritual, layout_misc_corridors,
          minmay_shoptagon
Snake:3:  layout_chambers, st_stairs_2, grunt_megastairs_2

Skill      XL: |  1  2  3  4  5  6  7  8  9 10 11 12 13 14 15 |
---------------+----------------------------------------------+-----
Fighting       | 1 2 3 5 7 8 9 |  9.3
Short Blades   | 1 2 3 4 |  4.1
Dodging        | 5 8 9 |  9.4
Conjurations   | 5 7 8 9 |  9.5
Armour         | 3 4 5 7 |  7.3
Hexes          | 3 5 6 |  6.0
Invocations    | 3 5 6 |  6.0
Spellcasting   | 4 6 8 |  8.2
Fire Magic     | 3 7 |  7.5
Evocations     | 6 |  6.4
Shields        | 5 7 |  7.2
Maces & Flails | 7 |  7.2
Axes           | 5 |  5.9
Crossbows      | 3 9 |  9.5
Stealth        | |  2.2

Action                   |  1- 3 |  4- 6 |  7- 9 | 10-12 | 13-15 || total
-------------------------+-------+-------+-------+-------+-------++-------
Melee: Unarmed           |     6 |       |       |       |       ||     6
       Club              |     8 |    12 |       |       |       ||    20
       Dagger            |       |    26 |    73 |   147 |   230 ||   476
       Short sword       |       |       |    95 |    55 |       ||   150
       Broad axe         |       |       |       |       |   130 ||   130
 Fire: Hand crossbow     |       |       |       |       |   383 ||   383
Throw: Dart              |       |       |     3 |    51 |    60 ||   114
 Cast: Magic Dart        |    62 |    48 |    70 |    27 |     2 ||   209
       Searing Ray       |       |     7 |    41 |   146 |   152 ||   346
       Dazzling Flash    |       |       |     5 |    10 |    32 ||    47
       Fulminant Prism   |       |       |     1 |    39 |    58 ||    98
       Conjure Flame     |       |       |       |    13 |    72 ||    85
       Fireball          |       |       |       |       |     7 ||     7
       Cause Fear        |       |       |       |       |     1 ||     1
       Tukima's Dance    |       |       |       |       |     1 ||     1
Invok: Finesse           |       |       |       |       |     2 ||     2
       Heroism           |       |       |       |       |     1 ||     1
 Abil: Evoke Blink       |       |       |       |     4 |    77 ||    81
Evoke: Wand              |       |     2 |     8 |     2 |    17 ||    29
       Condenser vane    |       |       |       |       |     1 ||     1
  Use: Scroll            |       |     2 |     4 |    14 |    22 ||    42
       Potion            |       |     2 |       |       |     5 ||     7
 Stab: Sleeping          |       |     3 |     2 |     2 |     1 ||     8
       Paralysed         |       |       |    14 |       |       ||    14
       Invisible         |       |       |       |     1 |     2 ||     3
Armor: Robe              |     2 |    23 |     8 |       |       ||    33
       Leather armour    |       |     1 |    40 |       |       ||    41
       Acid dragon scale |       |       |    10 |   191 |   171 ||   372
       Scale mail        |       |       |       |       |   491 ||   491
Dodge: Dodged            |    13 |    52 |   120 |   281 |   763 ||  1229
Block: Buckler           |       |       |       |    16 |   298 ||   314
